| TOP OF THE 1ST |
|
Mississippi State University Bulldogs batting - Pitching for University of Minnesota Golden Gophers : RHP Adam Wickwire
|
|
Pitching: RHP Adam Wickwire
|
|
|
Batting: RHB Freddie Kite
|
0-0: Ground out 6-3 (Groundball, 6, EV 90.6 MPH)
|
|
Batting: RHB Masahito Sunada
|
0-0: Called Strike 0-1: Ball 1-1: Swinging Strike 1-2: Foul Ball, location: 2F 1-2: Foul Ball, location: 2F 1-2: Strikes out swinging
|
|
Batting: RHB Benito Gonzales
|
0-0: Ground out 5-3 (Groundball, 56, EV 110.0 MPH)
|
| Top of the 1st over - 0 runs, 0 hits, 0 errors, 0 left on base; Mississippi State University 0 - University of Minnesota 0 |
| BOTTOM OF THE 1ST |
|
University of Minnesota Golden Gophers batting - Pitching for Mississippi State University Bulldogs : RHP Leo Rivera
|
|
Pitching: RHP Leo Rivera
|
|
|
Batting: RHB Tatsuyoshi Ikeda
|
0-0: Ball 1-0: Ball 2-0: Reached via error on a dropped throw from 1B, E1 (Groundball, 34, EV 88.8 MPH)
|
|
Batting: RHB Roy Evenden
|
0-0: Ball Tatsuyoshi Ikeda is caught stealing 2nd base 2-4 1-0: Bunt for hit to 23 - play at first, batter safe!
|
|
Batting: LHB Jose Moncada
|
0-0: Ball Roy Evenden steals 2nd base 1-0: Ground out U3 (Groundball, 34, EV 107.5 MPH) Roy Evenden to third
|
|
Batting: RHB Jose Garrido
|
0-0: Foul Ball, location: 2F 0-1: Ball 1-1: Foul Ball, location: 2F 1-2: Ground out U3 (Groundball, 34, EV 88.1 MPH)
|
| Bottom of the 1st over - 0 runs, 1 hit, 1 error, 1 left on base; Mississippi State University 0 - University of Minnesota 0 |
| TOP OF THE 2ND |
|
Mississippi State University Bulldogs batting - Pitching for University of Minnesota Golden Gophers : RHP Adam Wickwire
|
|
Batting: RHB Cody Ammann
|
0-0: Ball 1-0: Fly out, F9 (Flyball, 9S, EV 90.6 MPH)
|
|
Batting: RHB Josh Simmons
|
0-0: Ball 1-0: Ball 2-0: Called Strike 2-1: DOUBLE (Line Drive, 7LM, EV 95.6 MPH)
|
|
Batting: RHB Josh Stene
|
0-0: Ball Wild Pitch! Josh Simmons to third 1-0: Foul Ball, location: 2F 1-1: Foul Ball, location: 2F 1-2: Foul Ball, location: 2F 1-2: SINGLE (Groundball, 6MD, EV 106.9 MPH) Josh Simmons scores
|
|
Batting: RHB Eric Riley
|
0-0: Ball 1-0: Called Strike 1-1: Ball 2-1: Foul Ball, location: 2F 2-2: Strikes out looking
|
|
Batting: RHB Logan Strassburg
|
0-0: TRIPLE (Flyball, 9D, EV 104.4 MPH) Josh Stene scores
|
|
Batting: RHB Karl Lukasiewicz
|
0-0: Ball 1-0: Ground out U3 (Groundball, 23, EV 93.1 MPH)
|
| Top of the 2nd over - 2 runs, 3 hits, 0 errors, 1 left on base; Mississippi State University 2 - University of Minnesota 0 |
| BOTTOM OF THE 2ND |
|
University of Minnesota Golden Gophers batting - Pitching for Mississippi State University Bulldogs : RHP Leo Rivera
|
|
Batting: RHB Ron Gooch
|
0-0: Foul Ball, location: 2F 0-1: Foul Ball, location: 2F 0-2: Ball 1-2: Foul Ball, location: 2F 1-2: Ball 2-2: Fly out, F9 (Flyball, 9, EV 91.9 MPH)
|
|
Batting: LHB Bobby Agterberg
|
0-0: Ball 1-0: Swinging Strike 1-1: Foul Ball, location: 2F 1-2: Ball 2-2: Foul Ball, location: 2F 2-2: Ball 3-2: Foul Ball, location: 2F 3-2: Strikes out looking
|
|
Batting: LHB Ivan Villegas
|
0-0: Ball 1-0: Foul Ball, location: 2F 1-1: Swinging Strike 1-2: Strikes out swinging
|
| Bottom of the 2nd over - 0 runs, 0 hits, 0 errors, 0 left on base; Mississippi State University 2 - University of Minnesota 0 |
| TOP OF THE 3RD |
|
Mississippi State University Bulldogs batting - Pitching for University of Minnesota Golden Gophers : RHP Adam Wickwire
|
|
Batting: RHB Freddie Kite
|
0-0: Called Strike 0-1: Ball 1-1: Ball 2-1: Foul Ball, location: 2F 2-2: Foul Ball, location: 2F 2-2: Strikes out swinging
|
|
Batting: RHB Masahito Sunada
|
0-0: Ball 1-0: Ball 2-0: Called Strike 2-1: Ball 3-1: Swinging Strike 3-2: Reached on error, E6 (Groundball, 6M, EV 105.6 MPH)
|
|
Batting: RHB Benito Gonzales
|
0-0: Called Strike 0-1: Swinging Strike 0-2: Foul Ball, location: 2F 0-2: Foul Ball, location: 2F 0-2: Ball 1-2: Foul Ball, location: 2F 1-2: Foul Ball, location: 2F 1-2: Fielders Choice at 2nd, 6-4 (Groundball, 56D, EV 101.2 MPH)
|
|
Batting: RHB Cody Ammann
|
0-0: Ball Benito Gonzales is caught stealing 2nd base 2-4
|
| Top of the 3rd over - 0 runs, 0 hits, 1 error, 0 left on base; Mississippi State University 2 - University of Minnesota 0 |
| BOTTOM OF THE 3RD |
|
University of Minnesota Golden Gophers batting - Pitching for Mississippi State University Bulldogs : RHP Leo Rivera
|
|
Batting: RHB Mike Satterfield
|
0-0: Called Strike 0-1: Ground out 6-3 (Groundball, 6, EV 79.4 MPH)
|
|
Batting: RHB Jason Mooris
|
0-0: Fly out, F8 (Line Drive, 8RM, EV 91.2 MPH)
|
|
Batting: RHB Tatsuyoshi Ikeda
|
0-0: Ball 1-0: Swinging Strike 1-1: Ball 2-1: Ball 3-1: DOUBLE (Line Drive, 89D, EV 99.4 MPH)
|
|
Batting: RHB Roy Evenden
|
0-0: Called Strike 0-1: Ball 1-1: Ball 2-1: Fly out, F9 (Flyball, 89D, EV 96.2 MPH)
|
| Bottom of the 3rd over - 0 runs, 1 hit, 0 errors, 1 left on base; Mississippi State University 2 - University of Minnesota 0 |
| TOP OF THE 4TH |
|
Mississippi State University Bulldogs batting - Pitching for University of Minnesota Golden Gophers : RHP Adam Wickwire
|
|
Batting: RHB Cody Ammann
|
0-0: Called Strike 0-1: Ball 1-1: Foul Ball, location: 2F 1-2: Foul Ball, location: 2F 1-2: Fly out, F7 (Flyball, 7LMF, EV 91.9 MPH)
|
|
Batting: RHB Josh Simmons
|
0-0: Ball 1-0: Foul Ball, location: 2F 1-1: Foul Ball, location: 2F 1-2: Foul Ball, location: 2F 1-2: Ball 2-2: Strikes out swinging
|
|
Batting: RHB Josh Stene
|
0-0: Ball 1-0: Called Strike 1-1: Reached on error, E5 (Groundball, 5, EV 107.5 MPH)
|
|
Batting: RHB Eric Riley
|
0-0: Ball 1-0: Called Strike 1-1: Foul Ball, location: 2F 1-2: Strikes out swinging
|
| Top of the 4th over - 0 runs, 0 hits, 1 error, 1 left on base; Mississippi State University 2 - University of Minnesota 0 |
| BOTTOM OF THE 4TH |
|
University of Minnesota Golden Gophers batting - Pitching for Mississippi State University Bulldogs : RHP Leo Rivera
|
|
Batting: LHB Jose Moncada
|
0-0: Ball 1-0: Foul Ball, location: 2F 1-1: Ball 2-1: Foul Ball, location: 2F 2-2: Ball 3-2: Strikes out looking
|
|
Batting: RHB Jose Garrido
|
0-0: Ball 1-0: Called Strike 1-1: Foul Ball, location: 2F 1-2: Foul Ball, location: 2F 1-2: Ball 2-2: Foul Ball, location: 2F 2-2: Strikes out looking
|
|
Batting: RHB Ron Gooch
|
0-0: Ball 1-0: SOLO HOME RUN (Flyball, 9D, EV 96.9 MPH), Distance : 365 ft
|
|
Batting: LHB Bobby Agterberg
|
0-0: Ball 1-0: SINGLE (Groundball, 6MS, EV 71.9 MPH) (infield hit)
|
|
Batting: LHB Ivan Villegas
|
0-0: Ball 1-0: Ball Pickoff Throw by Catcher to First - Out!
|
| Bottom of the 4th over - 1 run, 2 hits, 0 errors, 0 left on base; Mississippi State University 2 - University of Minnesota 1 |
| TOP OF THE 5TH |
|
Mississippi State University Bulldogs batting - Pitching for University of Minnesota Golden Gophers : RHP Adam Wickwire
|
|
Batting: RHB Logan Strassburg
|
0-0: Called Strike 0-1: Ball 1-1: Ball 2-1: Foul Ball, location: 2F 2-2: Fly out, F9 (Flyball, 9LD, EV 90.0 MPH)
|
|
Batting: RHB Karl Lukasiewicz
|
0-0: Called Strike 0-1: Ball 1-1: SINGLE (Groundball, 56, EV 110.6 MPH)
|
|
Batting: RHB Freddie Kite
|
0-0: Swinging Strike 0-1: DOUBLE (Line Drive, 8LD, EV 106.2 MPH) Karl Lukasiewicz to third Runner from 3rd tries for Home, throw by CF and OUT! 8-6-2 Freddie Kite to third
|
|
Batting: RHB Masahito Sunada
|
0-0: Reached on error, E6 (Groundball, 6, EV 85.0 MPH) Freddie Kite scores
|
|
Batting: RHB Benito Gonzales
|
0-0: Ball 1-0: Foul Ball, location: 2F 1-1: Ground out 4-3 (Groundball, 4, EV 82.5 MPH)
|
| Top of the 5th over - 1 run, 2 hits, 1 error, 1 left on base; Mississippi State University 3 - University of Minnesota 1 |
| BOTTOM OF THE 5TH |
|
University of Minnesota Golden Gophers batting - Pitching for Mississippi State University Bulldogs : RHP Leo Rivera
|
|
Batting: LHB Ivan Villegas
|
0-0: Ball 1-0: SINGLE (Groundball, 34D, EV 98.1 MPH)
|
|
Batting: RHB Mike Satterfield
|
Pickoff Throw to First - Out! 1-3 0-0: SINGLE (Groundball, 6D, EV 103.1 MPH)
|
|
Batting: RHB Jason Mooris
|
0-0: Ball 1-0: Swinging Strike 1-1: Fielders Choice at 2nd, 2-6 (Groundball, 2R, EV 68.8 MPH)
|
|
Batting: RHB Tatsuyoshi Ikeda
|
0-0: Ball 1-0: Ball 2-0: Called Strike 2-1: Foul Ball, location: 2F 2-2: Strikes out looking
|
| Bottom of the 5th over - 0 runs, 2 hits, 0 errors, 1 left on base; Mississippi State University 3 - University of Minnesota 1 |
| TOP OF THE 6TH |
|
Mississippi State University Bulldogs batting - Pitching for University of Minnesota Golden Gophers : RHP Adam Wickwire
|
|
Pitching: LHP Bing-zhong Sung
|
|
|
Batting: RHB Cody Ammann
|
0-0: Ball 1-0: Ball 2-0: SINGLE (Groundball, 4MD, EV 94.4 MPH)
|
|
Batting: RHB Josh Simmons
|
0-0: Ball Cody Ammann is caught stealing 2nd base 2-4 1-0: SINGLE (Line Drive, 7LS, EV 91.2 MPH)
|
|
Batting: RHB Josh Stene
|
0-0: Called Strike 0-1: Ball 1-1: DOUBLE (Flyball, 8LXD, EV 103.1 MPH) Josh Simmons to third Runner from 3rd tries for Home, SAFE, no throw by CF
|
|
Batting: RHB Eric Riley
|
0-0: SINGLE (Groundball, 56, EV 98.8 MPH) Josh Stene to third Runner from 3rd tries for Home, SAFE, throw by LF to home Eric Riley to second
|
|
Batting: RHB Logan Strassburg
|
0-0: Ball 1-0: SINGLE (Flyball, 78M, EV 92.5 MPH) Eric Riley to third
|
|
Batting: RHB Karl Lukasiewicz
|
0-0: Ball 1-0: SINGLE (Line Drive, 5D, EV 100.0 MPH) Eric Riley scores Logan Strassburg to second
|
|
Pitching: RHP Dan Mondro
|
|
|
Batting: RHB Freddie Kite
|
0-0: Called Strike 0-1: Fly out, F9 (Line Drive, 89S, EV 96.9 MPH)
|
|
Batting: RHB Masahito Sunada
|
0-0: Foul Ball, location: 2F 0-1: Called Strike 0-2: Ball 1-2: Strikes out swinging
|
| Top of the 6th over - 3 runs, 6 hits, 0 errors, 2 left on base; Mississippi State University 6 - University of Minnesota 1 |
| BOTTOM OF THE 6TH |
|
University of Minnesota Golden Gophers batting - Pitching for Mississippi State University Bulldogs : RHP Leo Rivera
|
|
Batting: RHB Roy Evenden
|
0-0: Ball 1-0: Ball 2-0: Ground out 4-3 (Groundball, 34, EV 88.1 MPH)
|
|
Batting: LHB Jose Moncada
|
0-0: Ball 1-0: Ground out 3-1 (Groundball, 34, EV 87.5 MPH)
|
|
Batting: RHB Jose Garrido
|
0-0: Ball 1-0: Ball 2-0: Fly out, F9 (Flyball, 9, EV 86.9 MPH)
|
| Bottom of the 6th over - 0 runs, 0 hits, 0 errors, 0 left on base; Mississippi State University 6 - University of Minnesota 1 |
| TOP OF THE 7TH |
|
Mississippi State University Bulldogs batting - Pitching for University of Minnesota Golden Gophers : RHP Dan Mondro
|
|
Batting: RHB Benito Gonzales
|
0-0: Called Strike 0-1: Ground out 4-3 (Groundball, 4, EV 83.1 MPH)
|
|
Batting: RHB Cody Ammann
|
0-0: Foul Ball, location: 2F 0-1: Ball 1-1: SOLO HOME RUN (Flyball, 78XD, EV 107.5 MPH), Distance : 416 ft
|
|
Batting: RHB Josh Simmons
|
0-0: Ball 1-0: Fly out, F8 (Flyball, 89XD, EV 101.2 MPH)
|
|
Batting: RHB Josh Stene
|
0-0: Swinging Strike 0-1: Ball 1-1: Swinging Strike 1-2: Single, Error in OF, E8, batter to second base (Groundball, 6D, EV 99.4 MPH)
|
|
Batting: RHB Eric Riley
|
0-0: Fly out, F5 (Line Drive, 5, EV 67.5 MPH)
|
| Top of the 7th over - 1 run, 2 hits, 1 error, 1 left on base; Mississippi State University 7 - University of Minnesota 1 |
| BOTTOM OF THE 7TH |
|
University of Minnesota Golden Gophers batting - Pitching for Mississippi State University Bulldogs : RHP Leo Rivera
|
|
Pitching: RHP Esteban Vidal
|
|
|
Batting: RHB Ron Gooch
|
0-0: Called Strike 0-1: Ball 1-1: Fly out, F9 (Line Drive, 9, EV 94.4 MPH)
|
|
Batting: LHB Bobby Agterberg
|
0-0: Called Strike 0-1: Ball 1-1: Fly out, F7 (Flyball, 7LMF, EV 79.4 MPH)
|
|
Batting: LHB Ivan Villegas
|
0-0: Ball 1-0: Called Strike 1-1: Foul Ball, location: 2F 1-2: Ball 2-2: Fly out, F9 (Line Drive, 89M, EV 90.6 MPH)
|
| Bottom of the 7th over - 0 runs, 0 hits, 0 errors, 0 left on base; Mississippi State University 7 - University of Minnesota 1 |
| TOP OF THE 8TH |
|
Mississippi State University Bulldogs batting - Pitching for University of Minnesota Golden Gophers : RHP Dan Mondro
|
|
Batting: RHB Logan Strassburg
|
0-0: Ball 1-0: SOLO HOME RUN (Line Drive, 7D, EV 96.2 MPH), Distance : 384 ft
|
|
Batting: RHB Karl Lukasiewicz
|
0-0: Foul Ball, location: 2F 0-1: Ball 1-1: Ball 2-1: Ball 3-1: Foul Ball, location: 2F 3-2: Base on Balls
|
|
Pinch Hitting: RHB Rich Martinez
|
0-0: Called Strike 0-1: Fly out, F8 (Flyball, 8LD, EV 89.4 MPH)
|
|
Batting: RHB Masahito Sunada
|
0-0: Ball 1-0: Fielders Choice at 2nd, 4-6 (Groundball, 4M, EV 100.6 MPH)
|
|
Batting: RHB Benito Gonzales
|
0-0: Called Strike 0-1: Foul Ball, location: 2F 0-2: Foul Ball, location: 2F 0-2: Foul Ball, location: 2F 0-2: Ball 1-2: Fly out, F9 (Line Drive, 89D, EV 85.0 MPH)
|
| Top of the 8th over - 1 run, 1 hit, 0 errors, 1 left on base; Mississippi State University 8 - University of Minnesota 1 |
| BOTTOM OF THE 8TH |
|
University of Minnesota Golden Gophers batting - Pitching for Mississippi State University Bulldogs : RHP Esteban Vidal
|
|
Now at SS: Jun Qing
|
|
|
Batting: RHB Mike Satterfield
|
0-0: Called Strike 0-1: Foul Ball, location: 2F 0-2: Fly out, F9 (Flyball, 9S, EV 87.5 MPH)
|
|
Batting: RHB Jason Mooris
|
0-0: Swinging Strike 0-1: Called Strike 0-2: Foul Ball, location: 2F 0-2: Ball 1-2: Strikes out swinging
|
|
Batting: RHB Tatsuyoshi Ikeda
|
0-0: Called Strike 0-1: Ball 1-1: Swinging Strike 1-2: Ground out 6-3 (Groundball, 6, EV 103.1 MPH)
|
| Bottom of the 8th over - 0 runs, 0 hits, 0 errors, 0 left on base; Mississippi State University 8 - University of Minnesota 1 |
| TOP OF THE 9TH |
|
Mississippi State University Bulldogs batting - Pitching for University of Minnesota Golden Gophers : RHP Dan Mondro
|
|
Batting: RHB Cody Ammann
|
0-0: Ground out 5-3 (Groundball, 56, EV 81.9 MPH)
|
|
Batting: RHB Josh Simmons
|
0-0: Ball 1-0: Called Strike 1-1: Called Strike 1-2: Ball 2-2: Ball 3-2: Base on Balls
|
|
Pitching: RHP Dan Lupo
|
|
|
Batting: RHB Josh Stene
|
0-0: SINGLE (Line Drive, 34D, EV 95.0 MPH) Josh Simmons to second Runner from 2nd tries for 3rd, OUT! 9-5
|
|
Batting: RHB Eric Riley
|
0-0: Swinging Strike 0-1: Called Strike 0-2: Strikes out swinging
|
| Top of the 9th over - 0 runs, 1 hit, 0 errors, 1 left on base; Mississippi State University 8 - University of Minnesota 1 |
| BOTTOM OF THE 9TH |
|
University of Minnesota Golden Gophers batting - Pitching for Mississippi State University Bulldogs : RHP Esteban Vidal
|
|
Batting: RHB Roy Evenden
|
0-0: Ball 1-0: Foul Ball, location: 2F 1-1: Foul Ball, location: 2F 1-2: Strikes out swinging
|
|
Batting: LHB Jose Moncada
|
0-0: Called Strike 0-1: Ball 1-1: Ball 2-1: Foul Ball, location: 2F 2-2: Strikes out swinging
|
|
Batting: RHB Jose Garrido
|
0-0: Foul Ball, location: 2F 0-1: Foul Ball, location: 2F 0-2: Foul Ball, location: 2F 0-2: Strikes out swinging
|
| Bottom of the 9th over - 0 runs, 0 hits, 0 errors, 0 left on base; Mississippi State University 8 - University of Minnesota 1 |
|